 Dungeon Crawl Stone Soup version 0.30.1-9-gdf580d7c3d (webtiles) character file.

Game seed: 357081211627201671

224 lonewolfV2 the Trooper (level 5, -2/42 HPs)
             Began as a Demonspawn Fighter on Oct 25, 2023.
             Slain by an adder (3 damage)
             ... on level 4 of the Dungeon.
             The game lasted 00:06:29 (2541 turns).

lonewolfV2 the Trooper (Demonspawn Fighter)         Turns: 2541, Time: 00:06:29

Health: -2/42      AC: 10    Str: 18    XL:     5   Next: 67%
Magic:  5/5        EV: 10    Int: 10    God:
Gold:   163        SH:  4    Dex: 12    Spells: 4/4 levels left

rFire   . . .        a - +0 war axe
rCold   . . .        c - +0 buckler
rNeg    . . .        b - +0 scale mail
rPois   .            (no helmet)
rElec   .            (no cloak)
rCorr   .            k - +0 pair of gloves
SInv    .            (no boots)
Will    .....        (no amulet) Stlth
                     (no ring)
HPRegen 0.27/turn    (no ring)
MPRegen 0.09/turn

%: no passive effects
@: lethally poisoned (-2 -> -4), hasted, very quick
A: icy blue scales 1, foul stench 1
a: no special abilities


You were on level 4 of the Dungeon.
You visited 1 branch of the dungeon, and saw 4 of its levels.

You collected 163 gold pieces.

Inventory:

Hand Weapons
 a - a +0 war axe (weapon)
Armour
 b - a +0 scale mail (worn)
 c - a +0 buckler (worn)
 k - a +0 pair of gloves (worn)
Jewellery
 i - a ring of flight
 n - a +4 ring of protection
Wands
 m - a wand of polymorph (9)
Potions
 d - 2 potions of might
 e - 3 potions of flight
 g - a potion of brilliance {unknown}
 h - a potion of lignification
 j - a potion of curing {unknown}
 o - a potion of heal wounds {unknown}


   Skills:
 + Level 3.9 Fighting
 - Level 1.7 Axes
 + Level 3.5 Armour
 * Level 3.0 Dodging
 + Level 3.5 Shields


You had 4 spell levels left.
You didn't know any spells.
Your spell library contained the following spells:

 Spells                   Type           Power      Damage    Failure   Level
 Apportation              Tloc           0%         N/A       83%         1
 Freeze                   Ice            0%         1d3       83%         1
 Necrotise                Necr           0%         1d4       83%         1
 Shock                    Conj/Air       0%         1d3       83%         1
 Summon Small Mammal      Summ           0%         N/A       83%         1
 Frozen Ramparts          Ice            0%         1d1       99%         3
 Hailstorm                Conj/Ice       0%         3d3       99%         3
 Swiftness                Air            0%         N/A       99%         3
 Vhi's Electric Charge    Tloc/Air       0%         N/A       99%         3
 Airstrike                Air            0%         2d(0-16)  100%        4
 Arcjolt                  Conj/Air       0%         1d10      100%        5
 Maxwell's Capacitive Co  Air            0%         ∞         100%        8


Dungeon Overview and Level Annotations

Branches:
Dungeon (4/15)
 Temple: D:4-7

Altars:


Innate Abilities, Weirdness & Mutations

You are partially covered in icy blue scales. (AC +2)
You may rarely emit foul miasma when damaged in melee.


Message History

The black bear is engulfed in dark miasma.
The black bear looks even sicker.
The black bear bites you but does no damage.
The black bear barely misses you. The black bear claws you.
* * * LOW HITPOINT WARNING * * *
You barely miss the adder.
The adder is lightly wounded.
You hit the quokka.
You kill the quokka!
You barely miss the black bear.
You feel sick. The adder bites you but does no damage.
The black bear is engulfed in dark miasma.
The black bear looks even sicker.
The black bear seems to slow down.
The black bear shakes off its lethargy.
The black bear goes berserk!
The adder bites you but does no damage.
You slash the black bear!
You kill the black bear!
You slash the adder!
You feel sick. The adder closely misses you.
Your Dodging skill increases to level 3!
You have reached level 5!
You barely miss the adder.
The adder is almost dead.
You feel sick.
You are no longer poisoned.
The adder barely misses you. The adder bites you but does no damage.
You miss the adder.
The adder is almost dead.
The adder bites you.
* * * LOW HITPOINT WARNING * * *
You are lethally poisoned!
The adder poisons you! The adder completely misses you.
You closely miss the adder.
The adder is almost dead.
* * * LOW HITPOINT WARNING * * *
You feel very sick.
The adder bites you but does no damage. x2
It was a potion of haste.
You feel yourself speed up.
* * * LOW HITPOINT WARNING * * *
You feel sick. The adder bites you but does no damage. The adder bites you.
You die...

#.## ##.##### #### ##.##.# #..
# #....## ##.# ##### #.....##
#..# #.#.. .##########......#
#..# ##....
.................###..#
###.####
...............)..#...####..##
#
..............††@......##..##
# ...............†S.........##
# .................#######.##
.................# #..#
...............#.# #..#
...............#.# ##..
...............#.. ...
..........##..# ####


You could see an adder.

Vanquished Creatures
  A black bear (D:4)
  Terence (D:2)
  5 adders
  3 dart slugs
  7 ball pythons
  2 endoplasms
  6 hobgoblins
  4 quokkas
  7 bats
  2 frilled lizards
  7 goblins
  7 kobolds
  6 rats
58 creatures vanquished.

Notes
Turn   | Place    | Note
-------+----------+-------------------------------------------
     0 | D:1      | lonewolfV2 the Demonspawn Fighter began the quest for the
                  | Orb.
     0 | D:1      | Reached XP level 1. HP: 18/18 MP: 1/1
   382 | D:1      | Gained mutation: You may rarely emit foul miasma when
                  | damaged in melee. [demonic ancestry]
   382 | D:1      | Reached XP level 2. HP: 16/24 MP: 2/2
   753 | D:1      | Reached skill level 1 in Dodging
   792 | D:1      | Found a faded altar of an unknown god.
  1218 | D:2      | Gained mutation: You are partially covered in icy blue
                  | scales. (AC +2) [demonic ancestry]
  1218 | D:2      | Reached XP level 3. HP: 24/29 MP: 3/3
  1424 | D:2      | Noticed Terence
  1432 | D:2      | Killed Terence
  1440 | D:2      | Reached XP level 4. HP: 13/35 MP: 4/4
  2514 | D:4      | Noticed a black bear
  2537 | D:4      | Killed a black bear
  2538 | D:4      | Reached XP level 5. HP: 8/42 MP: 5/5
  2540 | D:4      | HP: 2/42 [poisoned by an adder]
  2541 | D:4      | Slain by an adder

Illustrated notes

Levels and vault maps discovered:
D:1:      minmay_arrival_nine_rooms, layout_basic,
          ebering_ecumenical_altar_hall, st_stairs_1
D:2:      minmay_general_purpose_star, layout_rooms, minmay_misc_feat_chi,
          minmay_splitting_lines, minmay_fractal_squares_gapless_5, uniq_terence
D:3:      layout_rooms
D:4:      due_chaos_kobolds, layout_layer_cave, xom_confusion_cloud,
          temple_green, patterned_corridor

Skill      XL: |  1  2  3  4 |
---------------+-------------+-----
Dodging        | 1 2 3 |  3.0
Armour         | 3 |  3.5
Shields        | 3 |  3.5
Fighting       | |  3.9
Axes           | |  1.7

Action                     |  1- 3 |  4- 6 || total
---------------------------+-------+-------++-------
  Melee: War axe           |    70 |    64 ||   134
    Use: Scroll            |     1 |     5 ||     6
         Potion            |       |     1 ||     1
 Armour: Scale mail        |    66 |    48 ||   114
  Dodge: Dodged            |    44 |    44 ||    88
  Block: Buckler           |    28 |    16 ||    44
